 Dungeon Crawl Stone Soup version 0.30.1-11-g7821555f0a (webtiles) character file.

Game seed: 12986861041254551703

697 comborobin the Trooper (level 7, -3/44 HPs)
             Began as a Gargoyle Delver on Jan 2, 2024.
             Was a Priest of Cheibriados.
             Slain by an ogre
             ... wielding a +0 giant club
              (26 damage)
             ... on level 6 of the Dungeon.
             The game lasted 00:07:21 (4799 turns).

comborobin the Trooper (Gargoyle Delver)            Turns: 4799, Time: 00:07:22

Health: -3/44      AC: 15    Str: 22    XL:     7   Next: 65%
Magic:  9/9        EV:  8    Int: 20    God:    Cheibriados [***...]
Gold:   189        SH:  5    Dex: 18    Spells: 6/6 levels left

rFire   + . .        E - +1 dagger (elec)
rCold   . . .        G - +0 buckler
rNeg    + . .        z - +0 chain mail
rPois   ∞            (no helmet)
rElec   +            (no cloak)
rCorr   .            w - +0 pair of gloves
SInv    .            (no boots)
Will    .....        (no amulet)
Stlth   +            n - ring of flight
HPRegen 0.27/turn    h - ring of protection from fire
MPRegen 0.11/turn

%: no passive effects
@: flying, very slow
A: sickness immunity, AC +4, negative energy resistance 1, electricity
resistance, torment resistance 1, petrification resistance
a: Renounce Religion, Bend Time, Temporal Distortion


You were on level 6 of the Dungeon.
You worshipped Cheibriados.
Cheibriados was most pleased with you.
You visited 2 branches of the dungeon, and saw 7 of its levels.

You collected 231 gold pieces.
You spent 42 gold pieces at shops.

Inventory:

Hand Weapons
 a - a +1 dagger of venom
 b - a +1 mace of holy wrath
 k - a +0 flail
 q - a +4 dagger
 r - a +0 mace
 t - a +0 dagger of draining
 E - a +1 dagger of electrocution (weapon)
Missiles
 x - a throwing net (quivered)
Armour
 i - a +0 leather armour
 v - a +0 tower shield
 w - a +0 pair of gloves (worn)
 z - a +0 chain mail (worn)
 G - a +0 buckler (worn)
Jewellery
 h - a ring of protection from fire (right hand)
 n - a ring of flight (left hand)
Wands
 d - a wand of flame (29)
 g - a wand of digging (1)
 j - a wand of iceblast (12)
Scrolls
 c - 4 scrolls of fog
 e - 4 scrolls of fear
 m - a scroll of poison
 u - 3 scrolls of identify
 y - 2 scrolls of teleportation
 A - a scroll of amnesia
 B - a scroll of blinking
 D - a scroll of magic mapping
Potions
 f - a potion of haste
 l - 2 potions of lignification
 o - a potion of flight {unknown}
 p - 2 potions of might {unknown}
 s - 2 potions of magic {unknown}
 C - a potion of resistance {unknown}
 F - a potion of curing


   Skills:
 + Level 5.6 Fighting
 - Level 3.7 Maces & Flails
 + Level 3.4 Armour
 - Level 1.5 Dodging
 - Level 5.4 Stealth
 - Level 4.0 Shields
 + Level 3.3 Invocations


You had 6 spell levels left.
You didn't know any spells.
Your spell library contained the following spells:

 Spells                   Type           Power      Damage    Failure   Level
 Vhi's Electric Charge    Tloc/Air       0%         N/A       99%         3
 Arcjolt                  Conj/Air       0%         1d10      100%        5
 Plasma Beam              Fire/Air       0%         2x1d11    100%        6


Dungeon Overview and Level Annotations

Branches:
Dungeon (6/15)             Temple (1/1) D:4

Altars:
Ashenzari
Cheibriados
Dithmenos
Elyvilon
Fedhas
Gozag
Hepliaklqana
Makhleb
Nemelex Xobeh
Okawaru
Qazlal
Ru
Trog
Uskayaw
Wu Jian
Xom
Zin
The Shining One

Shops:
D:5 !


Innate Abilities, Weirdness & Mutations

You are immune to sickness and miasma.
Your stone body is resilient. (AC +4)
You are immune to poison.
You resist negative energy. (rN+)
You are resistant to electric shocks. (rElec)
You are resistant to unholy torment.
You are immune to petrification.


Message History

You hit the water moccasin but do no damage.
The water moccasin is almost dead.
The water moccasin barely misses you.
You hit the water moccasin.
Lightning courses through the water moccasin!
You kill the water moccasin!
Cheibriados appreciates the change of pace.
Training target 4.0 for Shields reached!
Your Shields skill increases to level 4!
You need to enable at least one skill for training.
Unknown command.
You start resting.
An ogre comes into view. It is wielding a +0 giant club.
The ogre shouts!
You now have 189 gold pieces (gained 8).
There are no items here.
Found 10 gold pieces.
Okay, then.
Your +1 dagger of electrocution stops crackling.
Your +1 dagger of venom begins to drip with poison!
a - a +1 dagger of venom (weapon)
You hit the ogre.
The ogre is poisoned.
The ogre is lightly wounded.
The ogre hits you with a +0 giant club!
You hit the ogre but do no damage.
The ogre is lightly wounded.
You barely miss the ogre.
The ogre is lightly wounded.
The ogre closely misses you.
You hit the ogre.
The ogre is lightly wounded.
The ogre barely misses you.
Your +1 dagger of venom stops dripping with poison.
You hear the crackle of electricity.
E - a +1 dagger of electrocution (weapon)
You barely miss the ogre.
The ogre is moderately wounded.
The ogre hits you with a +0 giant club!!
Ouch! That really hurt!
You die...

....... #.#.....
...... #.#$....
.....####......
..##.........#
#.##.....#
#.##.....+
#######........#
+....<.....##O###
######.###.##.@.#
.....#.####.#
##..###.# .# #..#
#.# .. #... ..#
##. ##.# ### $.
(.. .. ###


You could see an ogre (very poisoned).

Vanquished Creatures
  A water moccasin (D:6)
  A black bear (D:5)
  A sky beast (D:5)
  An orc priest (D:5)
  3 hounds
  A jelly (D:5)
  3 iguanas
  4 gnolls
  4 adders
  2 ufetubi
  3 worms
  2 dart slugs
  9 orcs
  5 endoplasms
  3 giant cockroaches
  8 goblins
  4 hobgoblins
  3 jackals (D:3)
  7 quokkas
  4 ball pythons
  3 bats
  2 frilled lizards
  14 kobolds
  2 rats (D:1)
90 creatures vanquished.

Notes
Turn   | Place    | Note
-------+----------+-------------------------------------------
     0 | D:5      | comborobin the Gargoyle Delver began the quest for the Orb.
     0 | D:5      | Reached XP level 1. HP: 14/14 MP: 1/1
   106 | D:4      | Found a staircase to the Ecumenical Temple.
   113 | Temple   | Entered the Ecumenical Temple
   365 | Temple   | Became a worshipper of Cheibriados the Contemplative
   704 | D:1      | Reached XP level 2. HP: 19/19 MP: 2/2
  1181 | D:1      | Reached * piety under Cheibriados
  1297 | D:1      | Reached XP level 3. HP: 23/23 MP: 3/3
  2265 | D:2      | Reached XP level 4. HP: 25/28 MP: 4/4
  2561 | D:3      | Reached ** piety under Cheibriados
  2597 | D:2      | Reached skill level 1 in Armour
  2663 | D:2      | Reached skill level 1 in Invocations
  2718 | D:3      | Reached XP level 5. HP: 18/33 MP: 4/6
  3532 | D:4      | Reached *** piety under Cheibriados
  3533 | D:4      | Reached skill level 5 in Fighting
  3533 | D:4      | Reached XP level 6. HP: 12/40 MP: 7/7
  3934 | D:5      | Noticed a black bear
  3943 | D:5      | Killed a black bear
  4086 | D:5      | Found Queletay's Distillery.
  4089 | D:5      | Bought a potion of lignification for 42 gold pieces
  4139 | D:5      | Found a broken altar of Ashenzari.
  4236 | D:5      | Reached XP level 7. HP: 36/44 MP: 9/9
  4799 | D:6      | Slain by an ogre

Illustrated notes

Levels and vault maps discovered:
D:1:      spicycebolla_arrival_ecumenical, layout_basic, serial_glass,
          glass_columns_a, glass_columns_b, glass_columns_a, glass_columns_b,
          glass_columns_b, glass_columns_c, glass_columns_b,
          chequers_serial_rivers_micro_c, minmay_misc_feat_five
D:2:      layout_loops_cross
D:3:      layout_basic
D:4:      minmay_skewed_foursquare, layout_rooms, temple_doors_ab,
          minmay_starry_boxes
D:5:      layout_basic, amcnicky_altar_gilded, serial_shops, kennysheep_mini,
          grunt_decor_junction, uniq_blork_the_orc
D:6:      layout_basic, uniq_grinder
Temple:   mainiacjoe_temple_cubbyholes

Skill      XL: |  1  2  3  4  5  6  7 |
---------------+----------------------+-----
Maces & Flails | 3 |  3.7
Armour         | 1 2 3 |  3.4
Invocations    | 1 2 3 |  3.3
Fighting       | 4 5 |  5.6
Shields        | 4 |  4.0
Dodging        | |  1.5
Stealth        | |  5.4

Action                     |  1- 3 |  4- 6 |  7- 9 || total
---------------------------+-------+-------+-------++-------
  Melee: Mace              |   107 |       |       ||   107
         Punch             |     3 |     7 |       ||    10
         Dagger            |    37 |   206 |    41 ||   284
  Throw: Throwing net      |       |     1 |       ||     1
  Evoke: Wand              |     2 |       |       ||     2
    Use: Scroll            |     6 |     3 |       ||     9
         Potion            |       |     1 |       ||     1
   Stab: Sleeping          |     8 |       |       ||     8
         Held in net/web   |       |     1 |       ||     1
 Armour: Leather armour    |    67 |    51 |       ||   118
         Chain mail        |       |    76 |    24 ||   100
  Dodge: Dodged            |    86 |   143 |    16 ||   245
  Block: Buckler           |       |       |     7 ||     7
